 Dungeon Crawl Stone Soup version 0.27.1-34-g3ba077fa99 (webtiles) character file.

Game seed: 13909830634693565668

25 growler the Gusty (level 3, 0/19 HPs)
             Began as a Tengu Air Elementalist on Jan 26, 2022.
             Killed by their own static electricity (2 damage)
             ... on level 2 of the Dungeon.
             The game lasted 00:02:11 (1213 turns).

growler the Gusty (Tengu Air Elementalist)          Turns: 1213, Time: 00:02:12

Health: 0/19       AC:  2    Str:  8    XL:     3   Next: 4%
Magic:  3/7        EV: 12    Int: 16    God:
Gold:   55         SH:  0    Dex: 14    Spells: 0/6 levels left

rFire    . . .     SeeInvis .   (no weapon)
rCold    . . .     Faith    .   (no shield)
rNeg     . . .     Spirit   .   a - +0 robe
rPois    .         Reflect  .   (helmet restricted)
rElec    .         Harm     .   (no cloak)
rCorr    .         Rampage  .   (no gloves)
Will     .....                  (boots unavailable)
Stlth    ++........             (no amulet)
HPRegen  0.06/turn              (no ring)
MPRegen  0.10/turn              (no ring)

@: no status effects
A: beak, talons 3
a: no special abilities


You were on level 2 of the Dungeon.
You visited 1 branch of the dungeon, and saw 2 of its levels.

You collected 55 gold pieces.

Inventory:

Armour
 a - a +0 robe (worn)
Scrolls
 d - a scroll of amnesia {unknown}
 e - a scroll of identify {unknown}
 f - a scroll of teleportation {unknown}
Potions
 b - a potion of lignification {unknown}
 c - a potion of cancellation {unknown}


   Skills:
 - Level 2.1 Dodging
 - Level 2.0 Stealth
 + Level 2.4 Spellcasting
 + Level 2.4 Conjurations
 + Level 4.5 Air Magic


You couldn't memorise any spells.
You knew the following spells:

 Your Spells              Type           Power      Damage    Failure   Level
a - Shock                 Conj/Air       52%        1d6       4%          1
d - Static Discharge      Conj/Air       13%        N/A       7%          2
s - Swiftness             Air            16%        N/A       10%         3

Your spell library contained the following spells:

 Spells                   Type           Power      Damage    Failure   Level
 Airstrike                Air            8%         N/A       30%         4


Dungeon Overview and Level Annotations

Branches:
Dungeon (2/15)

Altars:

Shops:
D:1 [


Innate Abilities, Weirdness & Mutations

You have a beak for a mouth.
You have claws for feet.


Message History

The hobgoblin closely misses you.
You see here a hobgoblin corpse.
You hit the hobgoblin but do no damage. You claw the hobgoblin.
You kill the hobgoblin!
No target in view!
Found an arbalest.
f - a scroll labelled YRIQOKKAUM A gnoll comes into view.
It is wielding a +0 spear.
The zap hits the gnoll but does no damage.
The gnoll shouts!
The zap misses the gnoll.
The gnoll hits you from afar with a +0 spear.
A gnoll comes into view. It is wielding a +0 spear.
The gnoll hits you with a +0 spear.
You don't know that spell.
The gnoll barely misses you.
A kobold comes into view. It is wielding a +0 whip.
There is a stone staircase leading up here.
The kobold shouts!
You climb upwards.
There is a stone staircase leading down here.
You start resting.
Memorise Static Discharge, consuming 2 spell levels and leaving 3?
You start memorising the spell.
You continue memorising. x2
You finish memorising.
Spell assigned to 'd'.
This spell is extremely dangerous to cast!
Memorise Swiftness, consuming 3 spell levels and leaving 0?
You start memorising the spell.
You continue memorising. x3
You finish memorising.
Spell assigned to 's'.
Unknown command.
You climb downwards.
The kobold throws a stone.
The stone closely misses you.
The gnoll hits you from afar with a +0 spear.
There is a stone staircase leading up, spattered with blood here.
The gnoll closely misses you.
The gnoll hits you from afar with a +0 spear.
The kobold hits you with a +0 whip.
* * * LOW HITPOINT WARNING * * *
The gnoll hits you from afar with a +0 spear.
* * * LOW HITPOINT WARNING * * *
The gnoll closely misses you.
The gnoll is struck by an arc of lightning.
You are struck by an arc of lightning.
* * * LOW HITPOINT WARNING * * *
The lightning grounds out.
The kobold hits you with a +0 whip.
* * * LOW HITPOINT WARNING * * *
The gnoll closely misses you. The gnoll completely misses you.
The kobold is struck by an arc of lightning!
You kill the kobold!
You are struck by an arc of lightning.
You die...

... ....# ........#
.......### ...#....#
##.#..#.#
###.....#.####
........#..).#
#.#.).<..#.#
#....@.....#
#..gg####..#
###..####..# #
####........# #.
#...†.......#
#.########.###########
#..........######
##.............)..#
#..........######.#


You could see 2 gnolls.

Vanquished Creatures
  4 bats (D:1)
  2 endoplasms (D:1)
  2 goblins (D:1)
  3 hobgoblins
  6 ball pythons (D:1)
  3 frilled lizards
  3 kobolds
  2 rats (D:1)
25 creatures vanquished.

Notes
Turn   | Place    | Note
-------+----------+-------------------------------------------
     0 | D:1      | growler the Tengu Air Elementalist began the quest for the
                  | Orb.
     0 | D:1      | Reached XP level 1. HP: 10/10 MP: 4/4
   124 | D:1      | Reached XP level 2. HP: 15/15 MP: 3/6
   503 | D:1      | Found Bolokh's Antique Armour Shoppe.
   642 | D:1      | Found a faded altar of an unknown god.
  1014 | D:2      | Reached XP level 3. HP: 19/19 MP: 0/7
  1204 | D:1      | Learned a level 2 spell: Static Discharge
  1208 | D:1      | Learned a level 3 spell: Swiftness
  1213 | D:2      | Killed from afar by themself

Illustrated notes

Levels and vault maps discovered:
D:1:      lightli_arrival_noodles, layout_basic, serial_shops,
          nicolae_shop_waterfront, ebering_ecumenical_altar_petrified,
          minmay_misc_feat_tower
D:2:      layout_basic, serial_shops, nicolae_lakefront_shop,
          minmay_misc_feat_five, kennysheep_generic_room_13, uniq_sigmund

Skill      XL: |  1 |
---------------+----+-----
Conjurations   | 2 |  2.4
Dodging        | |  2.1
Stealth        | |  2.0
Spellcasting   | |  2.4
Air Magic      | |  4.5

Action                   || total
-------------------------++-------
Melee: Unarmed           ||     4
       Kick              ||     2
 Cast: Shock             ||    44
       Static Discharge  ||     1
Armor: Robe              ||     2
Dodge: Dodged            ||    14
